 Dungeon Crawl Stone Soup version 0.31-a0-542-gdc2a67831c (webtiles) character file.

Game seed: 12102766770288206200

11834 Hubris850 the Grappler (level 11, -4/77 HPs)
             Began as a Pale Draconian Shapeshifter on Aug 14, 2023.
             Was an Elder of Qazlal.
             Slain by a troll (5 damage)
             ... on level 11 of the Dungeon.
             The game lasted 00:34:15 (10927 turns).

Hubris850 the Grappler (DrSh)                      Turns: 10927, Time: 00:34:15

Health: -4/77      AC:  8    Str: 17    XL:     11   Next: 54%
Magic:  18/21      EV: 13    Int: 13    God:    Qazlal [****..]
Gold:   630        SH:  5    Dex: 12    Spells: 9/12 levels left

rFire   . .          .
                       - Unarmed
rCold   . . .        (shield currently unavailable)
rNeg    . . .        (body armour unavailable)
rPois   .            (helmet restricted)
rElec   .            (no cloak)
rCorr   .            f - +0 pair of gloves
SInv    .            (no boots)
Will    +....        g - amulet of the acrobat
Stlth   +            w - ring of magical power
HPRegen 0.32/turn    q - ring of willpower
MPRegen 0.17/turn

%: repel missiles, acrobat
@: about to teleport, short of breath, flux-form, glowing, studying Long Blades
A: glow, contaminating, breathe steam, AC +7, unfitting armour, cold-blooded,
steam resistance
a: Breathe Steam, Begin Untransformation, Renounce Religion, Upheaval, Elemental
Force


You were on level 11 of the Dungeon.
You worshipped Qazlal.
Qazlal was greatly pleased with you.
You were something dangerously unstable.
You visited 1 branch of the dungeon, and saw 11 of its levels.
You also visited: Ossuary.

You collected 630 gold pieces.

Inventory:

Hand Weapons
 O - a +2 scimitar of flaming
Missiles
 E - 19 poisoned darts
 J - a curare-tipped dart
 P - a throwing net
Armour
 f - a +0 pair of gloves (worn)
 l - a +0 buckler
 Q - a +0 kite shield
Magical Staves
 d - a staff of earth
 r - a staff of death
Jewellery
 g - an amulet of the acrobat (around neck)
 n - a ring of protection from cold
 q - a ring of willpower (right hand)
 w - a ring of magical power (left hand)
 x - an amulet of magic regeneration
Talismans
 b - a beast talisman
 c - a flux talisman (active)
Wands
 t - a wand of mindburst (21)
 u - a wand of roots (6)
 C - a wand of digging (11)
 G - a wand of paralysis (12)
 H - a wand of flame (43)
Scrolls
 h - 2 scrolls of fear
 i - 2 scrolls of amnesia
 j - 3 scrolls of teleportation
 m - a scroll of vulnerability
 p - 3 scrolls of blinking
 s - a scroll of fog {unknown}
 y - a scroll of immolation {unknown}
 D - a scroll of poison
 F - 2 scrolls of enchant armour {unknown}
 M - a scroll of torment {unknown}
Potions
 a - a potion of lignification
 e - 4 potions of curing
 k - 2 potions of mutation
 o - a potion of ambrosia {unknown}
 v - 2 potions of resistance
 z - a potion of brilliance {unknown}
 A - 2 potions of cancellation
 B - a potion of haste
 I - a potion of heal wounds
 K - 2 potions of attraction
 L - a potion of berserk rage {unknown}
 N - a potion of might {unknown}


   Skills:
 - Level 1.1 Fighting
 - Level 3.5 Dodging
 - Level 13.0 Unarmed Combat
 + Level 1.0 Spellcasting
 + Level 1.1 Conjurations
 + Level 1.3 Air Magic
 + Level 1.1 Poison Magic
 - Level 11.2 Shapeshifting


You had 9 spell levels left.
You knew the following spells:

 Your Spells              Type           Power      Damage    Failure   Level
a - Mephitic Cloud        Conj/Pois/Air  3%         N/A       45%         3

Your spell library contained the following spells:

 Spells                   Type           Power      Damage    Failure   Level
 Sting                    Tmut/Pois      8%         1d3       22%         1
 Poisonous Vapours        Pois/Air       6%         N/A       26%         2
 Summon Small Mammal      Summ           0%         N/A       28%         1
 Blink                    Tloc           0%         N/A       38%         2
 Ensorcelled Hibernation  Hex/Ice        0%         N/A       38%         2
 Wereblood                Tmut           0%         N/A       38%         2
 Vhi's Electric Charge    Tloc/Air       4%         N/A       54%         3
 Call Canine Familiar     Summ           0%         N/A       63%         3
 Frozen Ramparts          Ice            0%         1d1       63%         3
 Summon Guardian Golem    Hex/Summ       0%         N/A       63%         3
 Olgreb's Toxic Radiance  Pois           3%         N/A       87%         4
 Anguish                  Hex/Necr       0%         N/A       95%         4
 Manifold Assault         Tloc           0%         N/A       95%         4
 Petrify                  Tmut/Erth      0%         N/A       95%         4
 Alistair's Intoxication  Tmut/Pois      1%         N/A       99%         5
 Arcjolt                  Conj/Air       1%         1d11      99%         5
 Fireball                 Conj/Fire      1%         3d3       99%         5
 Irradiate                Conj/Tmut      1%         3d12      99%         5
 Iskenderun's Battlesphe  Conj           3%         2d6       99%         5
 Metabolic Englaciation   Hex/Ice        0%         N/A       100%        5
 Conjure Ball Lightning   Conj/Air       1%         3x3d6     100%        6
 Orb of Destruction       Conj           1%         9d5       100%        7
 Maxwell's Capacitive Co  Air            2%         ∞         100%        8


Dungeon Overview and Level Annotations

Branches:
Dungeon (11/15)            Temple (0/1) D:4            Lair (0/5) D:9
    Orc (0/2) D:11        Ossuary (visited)

Altars:
Ashenzari
Dithmenos
Elyvilon
Fedhas
Gozag
Kikubaaqudgha
Makhleb
Okawaru
Qazlal
Sif Muna
Trog
Uskayaw
Xom
Zin

Shops:
D:5 [   D:9 !


Innate Abilities, Weirdness & Mutations

You are something dangerously unstable.
You glow with magical radiation, making you easy to see and hit.
Foes you strike become dangerously contaminated with magical radiation.
You are incapable of wielding weapons or throwing items.
You can breathe blasts of scalding, opaque steam.
Your pale cyan-grey scales are hard. (AC +7)
You cannot fit into any form of body armour.
You are cold-blooded and may be slowed by cold attacks.
You are immune to the effects of steam.


Message History

You tail-slap the orc warrior, but do no damage.
The orc warrior is almost dead.
The orc warrior hits you but does no damage.
The gnoll sergeant misses you.
You barely miss the orc warrior.
The orc warrior is almost dead.
You hit the orc warrior but do no damage.
The orc warrior shudders as magic cascades through it.
You kill the orc warrior!
Qazlal accepts your kill. You block the gnoll sergeant's attack.
Your Conjurations skill increases to level 1!
Your Poison Magic skill increases to level 1!
You punch the ogre!
You kill the ogre!
Qazlal accepts your kill.
A gnoll comes into view. It is wielding a +0 spear.
You block the gnoll sergeant's attack.
Your Spellcasting skill increases to level 1!
Okay, then.
Aiming: Upheaval
Press: ? - help, Dir - move target, f - orc warrior
Aim: an orc warrior, wielding a +0 halberd and wearing a +0 chain mail A storm cloud blasts the area with cutting wind!
The cutting wind hits the orc warrior!
The orc warrior is moderately wounded.
The gnoll sergeant misses you. The troll bites you!
* * * LOW HITPOINT WARNING * * *
The troll claws you!
* * * LOW HITPOINT WARNING * * *
The troll claws you.
* * * LOW HITPOINT WARNING * * *
The orc warrior barely misses you.
Unknown command.
As you read the scroll of teleportation, it crumbles to dust.
You feel strangely unstable. The gnoll sergeant misses you.
The troll misses you. The troll claws you.
* * * LOW HITPOINT WARNING * * *
The troll claws you.
You die...

#. ###.### # #......#.
##........ #........#
##........ ###.........
##############...........
......gTB..#............#
..####o###.............##
8.. ###...#.#......# #.g.
###.###....... #.)g
###...# ##.....# .. #.gg
#.#...## ##..#.. ...#8..
#....###.#†.###.
..#######.........<.# #
#..................#


You could see a troll, an orc warrior and a gnoll sergeant.

Vanquished Creatures
  The ghost of bobarctor the Thaumaturge, a journeyman DsIE of Dithmenos (D:10)
  Erica (D:8)
  A dancing weapon (D:10)
  2 two-headed ogres (D:10)
  A demonic crawler (D:10)
  A manticore (D:11)
  A troll (D:9)
  Sigmund (D:5)
  A shadow (D:10)
  6 wyverns
  Eustachio (D:4)
  11 yaks (D:10)
  2 vampire mosquitoes (D:11)
  2 swamp worms (D:10)
  Edmund (D:3)
  2 acid dragons
  2 water moccasins
  A sky beast (D:6)
  4 orc warriors
  3 ice beasts
  A black bear (D:7)
  5 ogres
  A phantom (D:6)
  2 kobold brigands
  A bullfrog (D:9)
  4 gnoll sergeants
  3 scorpions
  5 wights (D:6)
  3 killer bees (D:9)
  A howler monkey (D:10)
  3 hounds
  2 jellies
  2 sleepcaps
  A gnoll bouda (D:9)
  3 orc priests
  10 iguanas
  Ijyb (D:4)
  Natasha (thrice) (D:3)
  7 orc wizards
  3 mummies (Ossuary)
  18 gnolls
  4 adders
  3 white imps
  3 adder zombies (Ossuary)
  2 worms (D:2)
  A dart slug (D:1)
  27 orcs
  7 ball pythons
  11 endoplasms
  A giant cockroach (D:3)
  5 goblins
  8 hobgoblins
  7 jackals
  3 quokkas
  7 bats
  6 frilled lizards
  3 goblin zombies (Ossuary)
  5 hobgoblin zombies (Ossuary)
  11 kobolds
  2 kobold zombies (Ossuary)
  A quokka zombie (Ossuary)
  4 rats
  4 rat zombies (Ossuary)
249 creatures vanquished.

Notes
Turn   | Place    | Note
-------+----------+-------------------------------------------
     0 | D:1      | Hubris850 the Draconian Shapeshifter began the quest for
                  | the Orb.
     0 | D:1      | Reached XP level 1. HP: 16/16 MP: 1/1
   141 | D:1      | Reached XP level 2. HP: 23/23 MP: 2/2
   796 | D:2      | Reached XP level 3. HP: 28/28 MP: 3/3
   929 | D:2      | Identified the +1 leather armour "Doiskuva" {rElec Str+4
                  | Dex+2}
   932 | D:2      | Got Sif Muna's Lectures on Filthy Algor
  1065 | D:2      | Reached XP level 4. HP: 14/35 MP: 4/4
  1692 | D:3      | Found a faded altar of an unknown god.
  1703 | D:3      | Noticed Natasha
  1709 | D:3      | Killed Natasha
  1768 | D:3      | Reached skill level 4 in Unarmed Combat
  1772 | D:2      | Reached XP level 5. HP: 40/40 MP: 5/5
  1897 | D:3      | Noticed Natasha
  1908 | D:3      | Killed Natasha
  2135 | D:3      | Noticed Natasha
  2147 | D:3      | Killed Natasha
  2218 | D:3      | Found a stormy altar of Qazlal.
  2249 | D:3      | Found a bloodstained altar of Trog.
  2306 | D:3      | Found an iron altar of Okawaru.
  2320 | D:3      | Became a worshipper of Qazlal Stormbringer
  2835 | D:4      | Noticed Edmund
  2871 | D:3      | Killed Edmund
  2872 | D:3      | Reached XP level 6. HP: 31/47 MP: 6/6
  2973 | D:4      | Reached skill level 5 in Unarmed Combat
  2976 | D:4      | Found a staircase to the Ecumenical Temple.
  3099 | D:4      | Found a glowing silver altar of Zin.
  3099 | D:4      | Found a white marble altar of Elyvilon.
  3107 | D:4      | Found a shimmering blue altar of Sif Muna.
  3109 | D:4      | Found a broken altar of Ashenzari.
  3111 | D:4      | Found an opulent altar of Gozag.
  3172 | D:4      | Noticed Eustachio
  3180 | D:4      | Killed Eustachio
  3181 | D:4      | Reached skill level 5 in Shapeshifting
  3181 | D:4      | Your scales start taking on a pale cyan-grey colour.
  3181 | D:4      | Reached XP level 7. HP: 51/52 MP: 7/7
  3181 | D:4      | Gained mutation: You are immune to the effects of steam.
                  | [Pale Draconian growth]
  3217 | D:4      | Noticed Ijyb
  3230 | D:4      | Killed Ijyb
  3474 | D:5      | Entered Level 5 of the Dungeon
  3584 | D:5      | Found Tuyten's Armour Shoppe.
  3738 | D:5      | Noticed Sigmund
  3743 | D:5      | Reached skill level 6 in Unarmed Combat
  3744 | D:5      | Killed Sigmund
  3746 | D:5      | Reached * piety under Qazlal
  3806 | D:5      | Reached XP level 8. HP: 50/59 MP: 8/8
  3951 | D:5      | Reached skill level 7 in Unarmed Combat
  4621 | D:6      | Reached skill level 8 in Unarmed Combat
  4706 | D:6      | Found an ancient bone altar of Kikubaaqudgha.
  4707 | D:6      | Identified the +3 leather armour "Oxasypue" {rCorr}
  5031 | D:6      | Reached XP level 9. HP: 60/64 MP: 9/9
  5491 | D:7      | Found a shadowy altar of Dithmenos.
  5597 | D:7      | Reached skill level 9 in Unarmed Combat
  5939 | D:7      | Reached ** piety under Qazlal
  5962 | D:7      | Found a hide-covered altar of Uskayaw.
  5970 | D:7      | Found a sand-covered staircase.
  5990 | Ossuary  | Entered an ossuary
  6355 | D:7      | Found a blossoming altar of Fedhas.
  6422 | D:7      | Found Goggi's Magic Scroll Emporium.
  7084 | D:8      | Reached skill level 10 in Unarmed Combat
  7343 | D:8      | Noticed Erica
  7358 | D:8      | Killed Erica
  7359 | D:8      | Reached XP level 10. HP: 58/71 MP: 10/10
  8205 | D:9      | Found Xouw's Distillery.
  8289 | D:9      | Found a staircase to the Lair.
  8307 | D:9      | Reached *** piety under Qazlal
  8308 | D:9      | Reached skill level 11 in Unarmed Combat
  8467 | D:9      | Found a burning altar of Makhleb.
  8562 | D:10     | Entered Level 10 of the Dungeon
  8577 | D:10     | Found a runed translucent door.
  8578 | D:10     | Found a shimmering altar of Xom.
  8578 | D:10     | Noticed bobarctor's ghost (journeyman DsIE)
  8578 | D:10     | Noticed a +0 mace of chaos
  8687 | D:10     | Noticed a two-headed ogre
  8696 | D:10     | Killed a two-headed ogre
  8991 | D:10     | Reached skill level 10 in Shapeshifting
  9144 | D:10     | Reached skill level 12 in Unarmed Combat
  9541 | D:10     | Noticed a demonic crawler
  9564 | D:10     | Reached XP level 11. HP: 35/77 MP: 11/11
  9570 | D:10     | Killed a demonic crawler
  9857 | D:10     | Killed a +0 mace of chaos
  9883 | D:10     | Killed bobarctor's ghost
 10247 | D:11     | Noticed a two-headed ogre
 10257 | D:10     | Killed a two-headed ogre
 10660 | D:11     | Reached skill level 13 in Unarmed Combat
 10847 | D:11     | Learned a level 3 spell: Mephitic Cloud
 10888 | D:11     | Reached **** piety under Qazlal
 10890 | D:11     | Found a staircase to the Orcish Mines.
 10909 | D:11     | Reached skill level 1 in Air Magic
 10925 | D:11     | Reached skill level 1 in Conjurations
 10925 | D:11     | Reached skill level 1 in Poison Magic
 10926 | D:11     | Reached skill level 1 in Spellcasting
 10926 | D:11     | HP: 2/77 [troll (6)]
 10927 | D:11     | Slain by a troll

Illustrated notes

Levels and vault maps discovered:
D:1:      mrwooster_arrival_statue_3, layout_loops_ring
D:2:      layout_basic, amcnicky_mini_rare_corridor_liquid,
          kennysheep_another_room
D:3:      layout_loops_ring, mainiacjoe_overflow_big_doors,
          trog_three_pillars_becter, nicolae_ecumenical_pavilion,
          nicolae_hexahallways, minmay_stone_trees_small, uniq_natasha
D:4:      layout_cave_pools, chequers_temple_overflow_minitemple,
          minmay_temple_entry_butterflies, eino_tiny_chamber, uniq_edmund,
          uniq_eustachio, uniq_ijyb
D:5:      layout_basic, serial_shops, nicolae_shop_getting_attention,
          uniq_sigmund
D:6:      layout_loops_ring, nicolae_kikubaaqudgha_miasma_corner
D:7:      layout_basic, mainiacjoe_overflow_boulevard, nicolae_uskayaw_suspiria,
          fedhas_altar_3, serial_shops, shop,
          nicolae_ossuary_entry_false_entrances
D:8:      layout_basic, uniq_erica
D:9:      layout_small_grid, lemuel_coloured_pillars_altar, lair_entry_dummy,
          serial_shops, shop
D:10:     layout_irregular_city, ebering_ghost_xom, worms_lemuel
D:11:     layout_cave_pools, kennysheep_orc_monster_closet_entryway,
          serial_shops, shop, minmay_misc_feat_diagonals

Skill      XL: |  1  2  3  4  5  6  7  8  9 10 11 |
---------------+----------------------------------+-----
Dodging        | 2 3 |  3.5
Unarmed Combat | 4 5 6 8 10 12 13 | 13.0
Shapeshifting  | 4 5 6 7 9 10 11 | 11.2
Air Magic      | 1 |  1.3
Conjurations   | 1 |  1.1
Poison Magic   | 1 |  1.1
Spellcasting   | 1 |  1.0
Fighting       | |  1.1

Action                     |  1- 3 |  4- 6 |  7- 9 | 10-12 || total
---------------------------+-------+-------+-------+-------++-------
  Melee: Unarmed           |   105 |   138 |   294 |   252 ||   789
         Tailslap          |     9 |    21 |    55 |    45 ||   130
         Punch             |     1 |     6 |     3 |       ||    10
  Throw: Throwing net      |       |     1 |       |       ||     1
 Invoke: Upheaval          |       |       |       |     1 ||     1
Ability: Breathe Steam     |       |       |    13 |     9 ||    22
         Begin Untransform |       |       |     1 |     2 ||     3
  Evoke: Wand              |       |     6 |     5 |     8 ||    19
    Use: Scroll            |       |       |       |    11 ||    11
         Potion            |       |       |       |     6 ||     6
   Stab: Sleeping          |     3 |       |       |       ||     3
         Held in net/web   |       |     1 |       |       ||     1
         Paralysed         |       |       |       |    16 ||    16
 Armour: Skin              |    22 |    23 |    43 |    58 ||   146
  Dodge: Dodged            |    69 |   112 |   165 |   165 ||   511
  Block: Other             |       |       |    13 |    54 ||    67
   Form: Flux              |       |       |     1 |     1 ||     2
         Beast             |       |       |       |     1 ||     1

Table legend: (Time is in decaauts)
 A = Elapsed time spent in this place.
 B = Non-inter-level travel time spent in this place.
 C = Inter-level travel time spent in this place.
 D = Time resting spent in this place.
 E = Time spent auto-exploring this place.
 F = Levels seen in this place.
 G = Mean time per level.
                   A        B        C        D        E       F      G
               +--------+--------+--------+--------+--------+-----+--------+
         Total |  10814 |  10516 |    298 |   2047 |   6450 |  12 |  901.2 |
       Dungeon |  10499 |  10201 |    298 |   1938 |   6450 |  11 |  954.5 |
       Ossuary |    315 |    315 |      0 |    109 |      0 |   1 |  315.0 |
               +--------+--------+--------+--------+--------+-----+--------+

Top non-repeatable levels by time:
    D:10: 1842 daAuts
     D:3: 1233 daAuts
     D:5: 1064 daAuts
     D:8: 1039 daAuts
     D:2: 1005 daAuts
     D:6: 909 daAuts
     D:7: 863 daAuts
     D:9: 830 daAuts
     D:1: 712 daAuts
     D:4: 515 daAuts
    D:11: 483 daAuts
 Ossuary: 315 daAuts
